 Dungeon Crawl Stone Soup version 0.21-a0-67-g3f13d09 (webtiles) character file.

109 Gorglomux the Vexing (level 4, -2/54 HPs)
             Began as a Gnoll Arcane Marksman on June 17, 2017.
             Killed from afar by an orc wizard (6 damage)
             ... with a magic dart
             ... on level 3 of the Dungeon.
             The game lasted 00:06:33 (2467 turns).

Gorglomux the Vexing (Gnoll Arcane Marksman)        Turns: 2467, Time: 00:06:34

Health: -2/54      AC: 22    Str: 15    XL:     4   Next: 89%
Magic:  5/8        EV:  2    Int: 13    God:
Gold:   216        SH:  0    Dex: 19    Spells: 1/9 levels left

rFire    . . .     SeeInvis .   a - +0 hunting sling
rCold    . . .     Gourm    .   (no shield)
rNeg     + + +     Faith    .   (armour currently unavailable)
rPois    +         Spirit   .   (helmet currently unavailable)
rElec    .         Reflect  .   (cloak currently unavailable)
rCorr    .         Harm     .   (gloves currently unavailable)
MR       .....     NoTele   +   (boots currently unavailable)
Stlth    +++.......             (no amulet)
HPRegen  0.18/turn              (no ring)
MPRegen  0.11/turn              (no ring)

@: mighty, agile, tree-form, very heavily drained
A: short attention span, strong nose
a: no special abilities


You were on level 3 of the Dungeon.
You were not hungry.
You were a tree.
You visited 1 branch of the dungeon, and saw 4 of its levels.

You collected 216 gold pieces.

Inventory:

Hand Weapons
 a - a +0 hunting sling (weapon)
Missiles
 d - 34 sling bullets
 h - 69 stones (quivered)
 x - 6 javelins
Armour
 e - a +0 robe (melded)
Scrolls
 g - a scroll of enchant armour {unknown}
 j - 2 scrolls of magic mapping {unknown}
 l - 6 scrolls of identify {unknown}
 p - a scroll of enchant weapon {unknown}
 u - a scroll of blinking {unknown}
Potions
 n - a potion of berserk rage {unknown}
 q - a potion of resistance {unknown}
 t - 2 potions of agility
 v - a potion of invisibility {unknown}
 Q - a potion of curing
Books
 c - a book of Debilitation

   Spells                             Type                      Level
   a - Corona                         Hexes                        1
   b - Slow                           Hexes                        2
   c - Inner Flame                    Hexes/Fire                   3
   d - Portal Projectile              Hexes/Translocation          3
   e - Cause Fear                     Hexes                        4
   f - Leda's Liquefaction            Hexes/Earth                  4
Comestibles
 f - 3 bread rations
 r - a chunk of flesh
 w - a royal jelly


   Skills:
 + Level 3.6(0.0) Fighting
 + Level 5.2(1.3) Slings
 + Level 4.5(0.8) Dodging
 - Level 3.0(0.0) Spellcasting
 - Level 5.4(1.5) Hexes


You had one spell level left.
You knew the following spells:

 Your Spells              Type           Power        Failure   Level  Hunger
a - Corona                Hex            #......      16%         1    ##.....
b - Cause Fear            Hex            #.........   85%         4    #####..
j - Portal Projectile     Hex/Tloc       #.....       56%         3    ####...


Dungeon Overview and Level Annotations

Branches:
Dungeon (4/15)
 Temple: D:4-7

Altars:
Cheibriados
Uskayaw


Innate Abilities, Weirdness & Mutations

You have a short attention span.
((You have very sharp teeth.))
Your uncanny sense of smell can sniff out nearby items.


Message History

The puff of frost misses you.
A magic dart appears from out of thin air!
The magic dart hits you!
* * * LOW HITPOINT WARNING * * *
You feel better. Something hits you.
* * * LOW HITPOINT WARNING * * *
You feel drained.
* * * LOW HITPOINT WARNING * * *
Something hits you.
* * * LOW HITPOINT WARNING * * *
You feel drained.
It was a potion of might.
You feel very mighty all of a sudden. Something hits you but does no damage.
You feel drained.
It was a potion of lignification.
You turn into a tree.
Your +0 robe melds into your body.
Your roots penetrate the ground.
You hear some strange, mumbled words.
A magic dart appears from out of thin air!
The magic dart hits you!
You die...

#......# #.####.#
###.####.#######
#.....##.#......
#.#.#......#####
#.#....>.### ###
##.######## #..
##.#.##### #.#
#♣##.....#######.#
##.#..♣........#..
##..♣_♣.......#.<
#...♣..#.....#.#
##......#.....#..
#.....###.....#.#
#.##### ###.###.#
#.# #.# #.#
####.###
####.###..


There were no monsters in sight!

Vanquished Creatures
  3 adders
  An ooze (D:1)
  3 worms (D:2)
  3 dart slugs
  An orc (D:3)
  2 ball pythons
  A giant cockroach (D:2)
  8 goblins
  7 hobgoblins
  3 quokkas
  11 bats
  4 frilled lizards
  6 kobolds
  8 rats
61 creatures vanquished.

Vanquished Creatures (others)
  An orc (D:4)
1 creature vanquished.

Grand Total: 62 creatures vanquished

Notes
Turn   | Place    | Note
-------+----------+-------------------------------------------
     0 | D:1      | Gorglomux the Gnoll Arcane Marksman began the quest for the Orb.
     0 | D:1      | Reached XP level 1. HP: 16/16 MP: 3/3
   256 | D:1      | Reached XP level 2. HP: 22/22 MP: 3/5
   691 | D:1      | Reached XP level 3. HP: 28/28 MP: 5/7
   837 | D:2      | Reached skill level 3 in Spellcasting
  1285 | D:2      | Reached skill level 3 in Fighting
  1285 | D:2      | Reached XP level 4. HP: 25/35 MP: 8/8
  1629 | D:2      | Learned a level 3 spell: Portal Projectile
  1634 | D:2      | Learned a level 4 spell: Cause Fear
  2130 | D:3      | Found a faded altar of an unknown god.
  2185 | D:3      | Found a hide-covered altar of Uskayaw.
  2185 | D:3      | Found a snail-covered altar of Cheibriados.
  2467 | D:3      | Killed from afar by an orc wizard

Vault maps used:
D:1:      scummos_arrival_hexagon
D:2:      first_bread
D:3:      gammafunk_temple_overflow_elements, chequers_ecumenical_altar_simple
D:4:      nicolae_dithmenos_the_darkroom, minmay_temple_entry_enclosed_plants,
          uniq_edmund

Skill      XL: |  1  2  3  4 |
---------------+-------------+-----
Fighting       | 2 3 |  3.6
Spellcasting   | 2 3 |  3.0
Hexes          | 5 |  5.4
Slings         | 4 5 |  5.2
Dodging        | 4 |  4.5

Action                   |  1- 3 |  4- 6 || total
-------------------------+-------+-------++-------
Melee: Unarmed           |     2 |       ||     2
 Fire: Hunting sling     |   113 |   100 ||   213
 Cast: Corona            |    27 |    12 ||    39
       Cause Fear        |       |     1 ||     1
  Use: Potion            |       |     5 ||     5
  Eat: Chunk             |     1 |     4 ||     5
Armor: Robe              |     9 |     4 ||    13
Dodge: Dodged            |    33 |    27 ||    60
